 Dungeon Crawl Stone Soup version 0.20-a0-1089-g3fde505 (webtiles) character file.

1740 M4edhros the Grappler (level 8, -3/67 HPs)
             Began as a Troll Necromancer on May 4, 2017.
             Slain by an orc warrior
             ... wielding a +0 glaive
              (16 damage)
             ... on level 6 of the Dungeon.
             The game lasted 00:07:45 (1167 turns).

M4edhros the Grappler (Troll Necromancer)           Turns: 1167, Time: 00:07:46

Health: -3/67      AC:  7    Str: 22    XL:     8   Next: 77%
Magic:  8/8        EV: 10    Int: 11    God:
Gold:   110        SH:  0    Dex: 12    Spells: 5/9 levels left

rFire    + . .     SeeInvis .     - Unarmed
rCold    + . .     Gourm    +   (no shield)
rNeg     . . .     Faith    .   m - +2 robe
rPois    +         Spirit   .   (helmet restricted)
rElec    +         Reflect  .   (no cloak)
rCorr    +         Harm     .   (gloves unavailable)
MR       .....                  (boots unavailable)
Stlth    ++........             g - amulet of rage
Regen    0.7/turn               (no ring)
MPRegen  0.2/turn               (no ring)

@: mighty, resistant, slowed, very slow
A: unfitting armour, claws 3, fast metabolism 3, gourmand, regeneration 1,
shaggy fur 1, tough skin 2
a: Evoke Berserk Rage


You were on level 6 of the Dungeon.
You were full.

You visited 1 branch of the dungeon, and saw 6 of its levels.

You collected 110 gold pieces.

Inventory:

Armour
 a - a +0 robe
 m - a +2 robe (worn)
Jewellery
 f - an uncursed amulet of guardian spirit
 g - an amulet of rage (around neck)
Scrolls
 d - 2 scrolls of identify
 h - a scroll of immolation {unknown}
 i - a scroll of recharging {unknown}
 l - 2 scrolls of remove curse
 p - a scroll of blinking {unknown}
 q - a scroll of teleportation {unknown}
Potions
 o - a potion of ambrosia
Books
 b - a book of Necromancy

   Spells                             Type                      Level
   a - Pain                           Necromancy                   1
   b - Animate Skeleton               Necromancy                   1
   c - Vampiric Draining              Necromancy                   3
   d - Regeneration                   Charms/Necromancy            3
   e - Animate Dead                   Necromancy                   4
   f - Control Undead                 Necromancy                   4
 j - a book of Flames

   Spells                             Type                      Level
   a - Flame Tongue                   Conjuration/Fire             1
   b - Throw Flame                    Conjuration/Fire             2
   c - Conjure Flame                  Conjuration/Fire             3
   d - Inner Flame                    Hexes/Fire                   3
   e - Sticky Flame                   Conjuration/Fire             4
   f - Fireball                       Conjuration/Fire             5
Comestibles
 c - 4 bread rations
 n - a meat ration


   Skills:
 - Level 1.5 Dodging
 - Level 1.0 Stealth
 + Level 9.0 Unarmed Combat
 - Level 1.2 Spellcasting
 + Level 6.6 Necromancy


You had 5 spell levels left.
You knew the following spells:

 Your Spells              Type           Power        Failure   Level  Hunger
a - Pain                  Necr           ###.         1%          1    ##.....
b - Regeneration          Chrm/Necr      #.........   24%         3    ####...


Dungeon Overview and Level Annotations

Branches:
Dungeon (6/15)
 Temple: D:4-7

Altars:
Elyvilon
Wu Jian


Innate Abilities, Weirdness & Mutations

You are too large for most types of armour.
You have claws for hands.
Your metabolism is lightning-fast.
You like to eat raw meat.
Your natural rate of healing is unusually fast.
You are covered in fur. (AC +1)
You have very tough skin. (AC +2)


Message History

The orc warrior barely misses you. The bullfrog zombie closely misses you.
You closely miss the bullfrog zombie.
The orc warrior hits you but does no damage.
The bullfrog zombie closely misses you. The bullfrog zombie hits you.
The orc warrior barely misses you.
All of the chunks of flesh in your inventory have rotted away.
You claw the bullfrog zombie!
The bullfrog zombie is heavily damaged.
The bullfrog zombie closely misses you.
The orc warrior hits you from afar with a glaive!
* * * LOW HITPOINT WARNING * * *
It was a potion of resistance.
You feel protected.
The bullfrog zombie hits you but does no damage. x2
The orc warrior hits you but does no damage.
You completely miss the bullfrog zombie.
The bullfrog zombie is heavily damaged.
The bullfrog zombie hits you but does no damage. x2
The orc warrior hits you from afar with a glaive!
You die...

#.<####.##.....#...######
#####.
#..####Z#########.## #.
#....##.# #.# #.
#.......###### #.# #.
#.##.#.oo...o# #.# ###
#.......####o# #.# #..
#.##...... #)# #.# #.# #.
###..#.##o####.# #.# #.
...#...ooZ@..# #.#
###......###### ###.###.#
######## .........
.##.###.. #... #.## #.##
#... #...


You could see 2 orc warriors, an orc wizard and a bullfrog zombie.

Vanquished Creatures
  Pikel (D:6)
  Grinder (D:5)
  An ice beast (D:5)
  A black bear (D:6)
  A slave (D:6)
  An ogre (D:6)
  Blork the orc (D:4)
  The ghost of Eptagon the Magician, an amateur DEIE (D:3)
  A bullfrog (D:6)
  2 scorpions (D:6)
  A howler monkey (D:5)
  2 crimson imps
  A bullfrog zombie (D:6)
  An orc priest (D:6)
  A hound (D:5)
  A bullfrog skeleton (D:6)
  2 orc wizards
  3 iguanas
  A worker ant (D:4)
  4 gnolls
  4 adders
  A shadow imp (D:5)
  2 worms (D:4)
  2 dart slugs
  A leopard gecko (D:4)
  15 orcs
  2 bats (D:3)
  2 giant cockroaches
  A goblin (D:1)
  A hobgoblin (D:3)
  2 jackals (D:1)
  2 quokkas
  A jackal zombie (D:6)
  2 kobolds (D:1)
  2 leopard gecko zombies
  2 rats
70 creatures vanquished.

Notes
Turn   | Place    | Note
-------+----------+-------------------------------------------
     0 | D:1      | M4edhros the Troll Necromancer began the quest for the Orb.
     0 | D:1      | Reached XP level 1. HP: 16/16 MP: 1/1
    17 | D:1      | Reached skill level 1 in Unarmed Combat
   106 | D:1      | Reached XP level 2. HP: 21/24 MP: 2/2
   109 | D:1      | Reached skill level 2 in Unarmed Combat
   159 | D:3      | Noticed Eptagon's ghost (amateur DEIE)
   202 | D:3      | Killed Eptagon's ghost
   202 | D:3      | Reached skill level 4 in Unarmed Combat
   202 | D:3      | Reached XP level 3. HP: 31/31 MP: 3/3
   202 | D:3      | Reached XP level 4. HP: 39/39 MP: 4/4
   279 | D:4      | Reached XP level 5. HP: 42/45 MP: 2/5
   295 | D:4      | Found a white marble altar of Elyvilon.
   309 | D:4      | Reached skill level 5 in Unarmed Combat
   358 | D:4      | Noticed Blork the orc
   367 | D:4      | Killed Blork the orc
   407 | D:4      | Learned a level 3 spell: Regeneration
   449 | D:4      | Reached XP level 6. HP: 52/53 MP: 6/6
   465 | D:5      | Entered Level 5 of the Dungeon
   471 | D:5      | Reached skill level 6 in Unarmed Combat
   523 | D:5      | Noticed an ice beast
   540 | D:5      | Killed an ice beast
   566 | D:5      | Noticed Grinder
   574 | D:5      | Killed Grinder
   574 | D:5      | Reached XP level 7. HP: 44/59 MP: 7/7
   594 | D:5      | Reached skill level 7 in Unarmed Combat
   801 | D:6      | Reached skill level 5 in Necromancy
   802 | D:6      | Found an ornate altar of the Wu Jian Council.
   837 | D:6      | Reached XP level 8. HP: 8/67 MP: 8/8
   840 | D:6      | HP: 3/67 [poisoned by a scorpion]
   846 | D:6      | HP: 3/67 [poisoned by a scorpion]
   920 | D:6      | Noticed Pikel
   932 | D:6      | Killed Pikel
   932 | D:6      | Reached skill level 8 in Unarmed Combat
  1154 | D:6      | Reached skill level 9 in Unarmed Combat
  1167 | D:6      | Slain by an orc warrior

Vault maps used:
D:1:      dpeg_arrival_simpleton_b, minmay_pentomino_s4
D:2:      minmay_distorted, uniq_natasha
D:3:      lemuel_old_faithful, uniq_robin
D:4:      old_standard_altar, first_bread, st_stairs_1, uniq_edmund,
          uniq_eustachio, uniq_blork_the_orc
D:5:      grunt_decor_fettered, serial_bayou_pond_d, uniq_menkaure, uniq_grinder
D:6:      overflow_temple_1_default, uniq_pikel

Skill      XL: |  1  2  3  4  5  6  7  8 |
---------------+-------------------------+-----
Unarmed Combat | 1 4 5 6 7 9 |  9.0
Necromancy     | 4 5 6 |  6.6
Dodging        | |  1.5
Stealth        | |  1.0
Spellcasting   | |  1.2

Action                   |  1- 3 |  4- 6 |  7- 9 || total
-------------------------+-------+-------+-------++-------
Melee: Unarmed           |    46 |    91 |   101 ||   238
       Punch             |       |       |     2 ||     2
 Abil: Evoke Berserk Rag |       |     3 |     3 ||     6
  Use: Potion            |     3 |       |     6 ||     9
       Scroll            |       |       |     1 ||     1
 Stab: Sleeping          |       |     1 |       ||     1
  Eat: Chunk             |       |     5 |    13 ||    18
Armor: Robe              |    13 |    31 |    34 ||    78
Dodge: Dodged            |    30 |    58 |    81 ||   169
